 Dungeon Crawl Stone Soup version 0.25-a0-404-gc1b5a34292 (webtiles) character file.

Game seed: 2902829078524836025, levelgen mode: deterministic

36 ReteAZ the Slasher (level 3, -3/29 HPs)
             Began as a Human Fighter on Jan 10, 2020.
             Slain by a centaur (6 damage)
             ... on level 2 of the Dungeon.
             The game lasted 00:00:50 (784 turns).

ReteAZ the Slasher (Human Fighter)                   Turns: 784, Time: 00:00:51

Health: -3/29      AC:  6    Str: 17    XL:     3   Next: 57%
Magic:  3/3        EV:  7    Int:  8    God:
Gold:   22         SH:  9    Dex: 12    Spells: 2/2 levels left

rFire    . . .     SeeInvis .   a - +0 long sword
rCold    . . .     Gourm    .   c - +0 shield
rNeg     . . .     Faith    .   b - +0 scale mail
rPois    .         Spirit   .   (no helmet)
rElec    .         Reflect  .   (no cloak)
rCorr    .         Harm     .   (no gloves)
MR       .....                  (no boots)
Stlth    ..........             (no amulet)
HPRegen  0.09/turn              (no ring)
MPRegen  0.08/turn              (no ring)

@: no status effects
A: no striking features
a: no special abilities


You were on level 2 of the Dungeon.
You were not hungry.

You visited 1 branch of the dungeon, and saw 2 of its levels.

You collected 22 gold pieces.

Inventory:

Hand Weapons
 a - a +0 long sword (weapon)
Missiles
 l - 5 boomerangs (quivered)
Armour
 b - a +0 scale mail (worn)
 c - a +0 shield (worn)
Scrolls
 e - a scroll of fear {unknown}
 g - 2 scrolls of identify {unknown}
 k - 2 scrolls of remove curse {unknown}
 m - a scroll of enchant armour {unknown}
Potions
 d - a potion of might
 h - 2 potions of curing {unknown}
 j - a potion of heal wounds {unknown}
Comestibles
 f - a ration
 i - 6 chunks of flesh


   Skills:
 - Level 3.0 Fighting
 * Level 3.7 Long Blades
 - Level 3.0 Armour
 - Level 3.0 Shields


You had 2 spell levels left.
You didn't know any spells.
Your spell library was empty.

Dungeon Overview and Level Annotations

Branches:
Dungeon (1/15)

Altars:


Message History

You are too injured to fight recklessly!
A centaur is nearby!
Unknown command.
You barely miss the centaur.
The centaur is moderately wounded.
You block the centaur's attack. The centaur hits you!
* * * LOW HITPOINT WARNING * * *
You hit the centaur but do no damage.
The centaur is moderately wounded.
The centaur closely misses you.
The centaur hits you but does no damage.
Your shield and scale mail prevent you from hitting the centaur.
The centaur is moderately wounded.
The centaur hits you.
* * * LOW HITPOINT WARNING * * *
The centaur hits you but does no damage.
You hit the centaur.
The centaur is heavily wounded.
The centaur hits you.
You die...

#.# #.#
#...........# #.#
#.# ###.###.###.#
#.# #รท# #.# #.#
#.# #.# #.###.#
#.# #.# #.#...#
#.# #.####
#.#.### #.##
#....# #.#.# ...#
####.#
#.#(#####.# .(##
#.# #...@c.!..#
.## #.#
###.####### .#
#.# #.# .#
#.#####.# .#
#.......#
.########.#######
..........#
#########.# #.#


You could see a centaur.

Vanquished Creatures
  An adder (D:2)
  A leopard gecko (D:2)
  A giant cockroach (D:1)
  4 goblins
  4 hobgoblins (D:1)
  5 bats
  3 frilled lizards
  5 kobolds (D:1)
  3 rats
27 creatures vanquished.

Notes
Turn   | Place    | Note
-------+----------+-------------------------------------------
     0 | D:1      | ReteAZ the Human Fighter began the quest for the Orb.
     0 | D:1      | Reached XP level 1. HP: 18/18 MP: 1/1
   105 | D:1      | Reached XP level 2. HP: 19/24 MP: 2/2
   600 | D:1      | You fall into a shaft and drop 1 floor!
   607 | D:2      | Reached XP level 3. HP: 29/29 MP: 3/3
   775 | D:2      | Noticed a centaur
   784 | D:2      | Slain by a centaur

Levels and vault maps discovered:
D:1:      saegor_arrival_simple_b, layout_basic, minivault_11,
          minmay_misc_feat_secret_circle, hangedman_decor_growths,
          serial_park_tiny_pond
D:2:      layout_loops_ring, fedhas_altar_3

Skill      XL: |  1  2 |
---------------+-------+-----
Long Blades    | 3 |  3.7
Fighting       | |  3.0
Armour         | |  3.0
Shields        | |  3.0

Action                   || total
-------------------------++-------
Melee: Long sword        ||   107
Armor: Scale mail        ||    76
Dodge: Dodged            ||    35
Block: Shield            ||    58
       Rpst.: Long sword ||    11

Table legend:
 A = Non-vault XP
 B = Vault XP
 C = Vault XP percentage of total XP
 D = Non-vault monster count
 E = Vault monster count
 F = Vault count percentage of total count
                 A         B        C        D         E       F
            +---------+---------+-------+---------+---------+-------
      Total |      52 |       0 |   0.0 |      27 |       0 |   0.0
            +---------+---------+-------+---------+---------+-------
        D:1 |      28 |       0 |   0.0 |      19 |       0 |   0.0
        D:2 |      24 |       0 |   0.0 |       8 |       0 |   0.0
            +---------+---------+-------+---------+---------+-------
